 Dungeon Crawl Stone Soup version 0.30.0-19-g36f170ea60 (webtiles) character file.

Game seed: 9547418511874219250

421 YordlordTheGreat the Cleaver (level 6, -7/56 HPs)
             Began as a Hill Orc Monk on May 31, 2023.
             Mangled by Edmund
             ... wielding a +4 dire flail of protection
              (13 damage)
             ... on level 4 of the Dungeon.
             The game lasted 00:13:25 (3499 turns).

YordlordTheGreat the Cleaver (Hill Orc Monk)        Turns: 3499, Time: 00:13:26

Health: -7/56      AC:  6    Str: 16    XL:     6   Next: 94%
Magic:  0/6        EV: 11    Int: 10    God:
Gold:   159        SH:  0    Dex: 13    Spells: 5/5 levels left

rFire   . . .        a - +0 hand axe
rCold   . . .        d - orb {light}
rNeg    . . .        e - +0 ring mail
rPois   .            (no helmet)
rElec   .            k - +0 cloak
rCorr   .            (no gloves)
SInv    .            (no boots)
Will    .....        n - amulet of guardian spirit Stlth
                     (no ring)
HPRegen 0.29/turn    (no ring)
MPRegen 0.10/turn

%: guardian spirit
@: confused, ambrosia-drunk, glowing
A: no striking features
a: no special abilities


You were on level 4 of the Dungeon.
You visited 1 branch of the dungeon, and saw 5 of its levels.

You collected 159 gold pieces.

Inventory:

Hand Weapons
 a - a +0 hand axe (weapon)
Missiles
 w - 2 javelins (quivered)
Armour
 d - an orb of light (worn)
 e - a +0 ring mail (worn)
 k - a +0 cloak (worn)
Jewellery
 n - an amulet of guardian spirit (around neck)
 q - a ring of see invisible
Wands
 x - a wand of flame (21)
Scrolls
 f - a scroll of magic mapping
 j - a scroll of noise {unknown}
 l - a scroll of fear {unknown}
 m - 2 scrolls of amnesia
 o - 4 scrolls of identify
 p - a scroll of vulnerability {unknown}
 s - a scroll of teleportation {unknown}
 u - a scroll of torment {unknown}
 y - a scroll of enchant armour {unknown}
Potions
 b - a potion of lignification {unknown}
 g - 3 potions of mutation {unknown}
 h - 3 potions of resistance {unknown}
 i - a potion of degeneration {unknown}
 r - a potion of attraction {unknown}
 t - a potion of heal wounds {unknown}


   Skills:
 + Level 5.2 Fighting
 * Level 9.0 Axes
 - Level 2.4 Dodging


You had 5 spell levels left.
You didn't know any spells.
Your spell library contained the following spells:

 Spells                   Type           Power      Damage    Failure   Level
 Ensorcelled Hibernation  Hex/Ice        0%         N/A       73%         2
 Passwall                 Tmut/Erth      0%         N/A       73%         2
 Swiftness                Air            0%         N/A       91%         3


Dungeon Overview and Level Annotations

Branches:
Dungeon (5/15)
 Temple: D:4-7

Altars:

Shops:
D:2 [

Annotations:
D:4 Edmund


Message History

Edmund is severely wounded.
Edmund hits you with a +4 dire flail of protection.
You hit Edmund but do no damage.
Edmund is severely wounded.
Edmund closely misses you.
You barely miss Edmund.
Edmund is severely wounded.
Edmund hits you with a +4 dire flail of protection!
You hit Edmund.
Edmund is severely wounded.
Edmund closely misses you.
You barely miss Edmund.
Edmund is severely wounded.
Edmund hits you with a +4 dire flail of protection.
You barely miss Edmund.
Edmund is severely wounded.
Edmund hits you with a +4 dire flail of protection.
You hit Edmund.
Edmund is severely wounded.
Edmund hits you with a +4 dire flail of protection.
You hit Edmund but do no damage.
Edmund is severely wounded.
Edmund hits you with a +4 dire flail of protection!
* * * LOW HITPOINT WARNING * * *
You hit Edmund but do no damage.
Edmund is severely wounded.
You hit Edmund but do no damage.
Edmund is severely wounded.
Edmund barely misses you.
You barely miss Edmund.
Edmund is severely wounded.
Edmund barely misses you.
You hit Edmund but do no damage.
Edmund is severely wounded.
Edmund hits you with a +4 dire flail of protection!
* * * LOW HITPOINT WARNING * * *
You are confused.
You feel invigorated.
Edmund hits you with a +4 dire flail of protection!
You die...

#.# ##.## #.#
##.##### #.#
#.# #....>.#
#.# #.#
######.#
#.####.# #.#
#....(.# #.#
#..#.#.###
#.###..#.#...#
#......#.#.#.#
######@#...#.#
#....@..#.#.#
#.......#.#.#
#.......#.#.#
#....?..#.#.#
#.......#.#.#
#....<..#.#
#......>#.#
#.......#.#


You could see Edmund.

Vanquished Creatures
  Sigmund (D:2)
  A hound (D:2)
  A jelly (D:4)
  Ijyb (D:4)
  Robin (D:4)
  5 adders
  A gnoll (D:1)
  3 worms
  4 dart slugs
  5 orcs (D:3)
  9 ball pythons
  4 bats
  9 endoplasms
  2 giant cockroaches
  9 hobgoblins
  4 jackals
  2 quokkas (D:2)
  3 frilled lizards
  10 goblins
  9 kobolds
  6 rats
90 creatures vanquished.

Notes
Turn   | Place    | Note
-------+----------+-------------------------------------------
     0 | D:1      | YordlordTheGreat the Hill Orc Monk began the quest for the
                  | Orb.
     0 | D:1      | Reached XP level 1. HP: 19/19 MP: 1/1
   213 | D:1      | Reached XP level 2. HP: 9/27 MP: 2/2
   558 | D:1      | Reached skill level 5 in Axes
   560 | D:1      | Reached XP level 3. HP: 33/33 MP: 3/3
  1262 | D:2      | Reached XP level 4. HP: 37/41 MP: 4/4
  1317 | D:2      | Reached skill level 6 in Axes
  1488 | D:2      | Found Wir Wonn's Armour Emporium.
  1566 | D:2      | Reached XP level 5. HP: 41/47 MP: 5/5
  1718 | D:2      | Noticed Sigmund
  1753 | D:2      | Killed Sigmund
  1754 | D:2      | Reached skill level 5 in Fighting
  1754 | D:2      | Reached skill level 8 in Axes
  1754 | D:2      | Reached XP level 6. HP: 39/56 MP: 6/6
  3213 | D:5      | Entered Level 5 of the Dungeon
  3276 | D:4      | Noticed Ijyb
  3278 | D:4      | Noticed Robin
  3310 | D:4      | Killed Robin
  3319 | D:4      | Killed Ijyb
  3320 | D:4      | Reached skill level 9 in Axes
  3453 | D:4      | Noticed Edmund
  3498 | D:4      | HP: 1/56 [Edmund/+4 dire flail of protection (11)]
  3499 | D:4      | Mangled by Edmund

Illustrated notes

Levels and vault maps discovered:
D:1:      nzn_arrival_depleted_hourglass, layout_loops_corners,
          minmay_misc_feat_rows
D:2:      layout_basic, serial_shops, shop, uniq_sigmund
D:3:      layout_basic, hangedman_decor_lopped, patterned_corridor
D:4:      layout_basic, nicolae_goblin_pals, uniq_edmund
D:5:      layout_loops_ring

Skill      XL: |  1  2  3  4  5  6 |
---------------+-------------------+-----
Fighting       | 4 5 |  5.2
Axes           | 5 6 8 9 |  9.0
Dodging        | |  2.4

Action                     |  1- 3 |  4- 6 || total
---------------------------+-------+-------++-------
  Melee: Hand axe          |    83 |   242 ||   325
  Throw: Javelin           |       |     6 ||     6
         Throwing net      |       |     1 ||     1
    Use: Scroll            |       |     2 ||     2
         Potion            |       |     2 ||     2
 Armour: Ring mail         |    21 |    55 ||    76
  Dodge: Dodged            |    45 |   107 ||   152
